 Dungeon Crawl Stone Soup version 0.29.0-13-gc9e81de378 (webtiles) character file.

Game seed: 2792860576917899578

355 greasedhog the Skirmisher (level 6, -4/76 HPs)
             Began as a Gnoll Hunter on Sept 7, 2022.
             Killed by an exploding bullfrog (14 damage)
             ... ignited by their inner flame
             ... in a sewer.
             The game lasted 00:04:12 (2362 turns).

greasedhog the Skirmisher (Gnoll Hunter)            Turns: 2362, Time: 00:04:12

Health: -4/76      AC: 23    Str: 10    XL:     6   Next: 63%
Magic:  9/9        EV: -1    Int:  8    God:
Gold:   95         SH:  0    Dex: 18    Spells: 9/9 levels left

rFire   + . .      SeeInvis .   a - +0 shortbow
rCold   + . .      Faith    .   (shield currently unavailable)
rNeg    . . .      Spirit   .   (body armour currently unavailable)
rPois   +          Reflect  .   (helmet currently unavailable)
rElec   +          Harm     .   (cloak currently unavailable)
rCorr   +          Rampage  .   (gloves currently unavailable)
Will    .....      NoTele   +   (boots currently unavailable)
Stlth   +++.......              (no amulet)
HPRegen 0.22/turn               f - +4 ring of evasion
MPRegen 0.11/turn               (no ring)

@: tree-form, resistant, hasted, constricted, quick
A: stationary, stasis, torment immunity, boosted hp, (fangs 1), strong nose,
distributed training
a: no special abilities


You were in a sewer.
You were a tree.
You visited 1 branch of the dungeon, and saw 3 of its levels.
You also visited: Sewer.

You collected 95 gold pieces.

Inventory:

Hand Weapons
 a - a +0 shortbow (weapon)
 g - a +1 whip of flaming
Armour
 c - a +1 leather armour (melded)
Jewellery
 f - a +4 ring of evasion (left branch)
Scrolls
 h - a scroll of enchant weapon
 i - a scroll of silence
 k - 2 scrolls of enchant armour
Potions
 m - a potion of resistance


   Skills:
 + Level 5.0 Fighting
 + Level 2.1 Short Blades
 + Level 2.1 Long Blades
 + Level 2.1 Axes
 + Level 2.1 Maces & Flails
 + Level 2.1 Polearms
 + Level 2.1 Staves
 + Level 8.8 Ranged Weapons
 + Level 2.1 Throwing
 + Level 2.1 Armour
 + Level 5.0 Dodging
 + Level 3.2 Stealth
 + Level 2.1 Shields
 + Level 2.1 Unarmed Combat
 + Level 2.1 Spellcasting
 + Level 1.7 Conjurations
 + Level 1.7 Hexes
 + Level 1.7 Summonings
 + Level 1.7 Necromancy
 + Level 1.7 Translocations
 + Level 1.7 Transmutations
 + Level 1.7 Fire Magic
 + Level 1.7 Ice Magic
 + Level 1.7 Air Magic
 + Level 1.7 Earth Magic
 + Level 1.7 Poison Magic
 + Level 2.3 Invocations
 + Level 2.1 Evocations


You had 9 spell levels left.
You didn't know any spells.
Your spell library contained the following spells:

 Spells                   Type           Power      Damage    Failure   Level
 Ignite Poison            Fire/Tmut/Pois 3%         N/A       45%         3
 Mephitic Cloud           Conj/Pois/Air  3%         N/A       45%         3
 Freezing Cloud           Conj/Ice/Air   1%         6-21      99%         5


Dungeon Overview and Level Annotations

Branches:
Dungeon (3/15)              Sewer (1/1)

Altars:


Innate Abilities, Weirdness & Mutations

You are a tree.
Your roots penetrate the ground, keeping you stationary.
You cannot be teleported.
You are immune to unholy pain and torment.
Your maximum health is greatly increased.
Your equipment is partially melded.
((You have very sharp teeth.))
Your uncanny sense of smell can sniff out nearby items.
Your experience applies equally to all skills.


Message History

The ball python constricts you.
The bullfrog hits you but does no damage.
The ball python bites you but does no damage. x3
The ball python constricts you.
* * * LOW HITPOINT WARNING * * *
The bullfrog hits you but does no damage.
The ball python bites you but does no damage. x3
The ball python constricts you.
The bullfrog hits you but does no damage.
The ball python bites you but does no damage. x3
The ball python constricts you. The bullfrog hits you.
* * * LOW HITPOINT WARNING * * *
The ball python bites you but does no damage.
Fire: a) +0 shortbow
Press: ? - help, Q - select action Shift-Dir - straight line, f/p - bullfrog
Aim: a bullfrog (inner flame, 61% to hit)
You shoot an arrow.
The arrow hits the bullfrog but does no damage.
The bullfrog hits you but does no damage.
The ball python bites you but does no damage. x2
The ball python constricts you.
* * * LOW HITPOINT WARNING * * *
The ball python bites you but does no damage.
Fire: a) +0 shortbow
Press: ? - help, Q - select action Shift-Dir - straight line, f/p - bullfrog
Aim: a bullfrog (inner flame, 61% to hit)
You shoot an arrow. The arrow hits the bullfrog!
Flame seeps out of the bullfrog.
The bullfrog is heavily wounded.
The bullfrog is engulfed in blazing flames.
Flame seeps out of the bullfrog.
The bullfrog hits you but does no damage.
The ball python bites you but does no damage. x2
The ball python constricts you.
The bullfrog is engulfed in blazing flames.
The bullfrog explodes!
The fiery explosion engulfs the frilled lizard!!
The fiery explosion engulfs you! You resist.
You die...

#≈≈~≈≈≈# #≈~~~~≈
#~~#~≈≈# #≈≈~~≈~
#†.≈≈≈≈# #≈≈~≈~~
#†.≈≈≈≈# #≈....≈
#≈~≈≈≈≈# #≈..[..
#≈≈~≈≈≈# #≈...~≈
#≈≈§§§≈# #~†≈≈≈≈
#≈SS○§≈# #~~~≈≈≈
#≈S♣§§≈# #~~~~~≈
#~≈~~≈≈# #≈≈≈~≈≈
#≈~≈~~~##### #≈†≈~~≈
##~..~###..# #...~.#
#....†.##..###......
##......##'##......#
#.........#.......#
##...†..........†##
####†........####


You could see 3 ball pythons.

Vanquished Creatures
  2 bullfrogs (Sewer)
  A jelly (D:3)
  Jessica (D:2)
  Natasha (thrice) (D:2)
  5 adders
  4 river rats
  A worm (D:3)
  2 dart slugs
  14 ball pythons
  8 endoplasms
  A giant cockroach (D:1)
  4 goblins
  3 hobgoblins
  3 jackals (D:1)
  3 kobolds
  2 quokkas (D:1)
  4 bats
  7 frilled lizards
  30 rats
98 creatures vanquished.

Notes
Turn   | Place    | Note
-------+----------+-------------------------------------------
     0 | D:1      | greasedhog the Gnoll Hunter began the quest for the Orb.
     0 | D:1      | Reached XP level 1. HP: 20/20 MP: 1/1
   309 | D:1      | Reached XP level 2. HP: 26/26 MP: 2/2
   593 | D:1      | You fall into a shaft and drop 1 floor!
   606 | D:2      | Noticed Natasha
   614 | D:2      | Killed Natasha
   615 | D:2      | Reached skill level 1 in Short Blades
   615 | D:2      | Reached skill level 1 in Long Blades
   615 | D:2      | Reached skill level 1 in Axes
   615 | D:2      | Reached skill level 1 in Maces & Flails
   615 | D:2      | Reached skill level 1 in Polearms
   615 | D:2      | Reached skill level 1 in Staves
   615 | D:2      | Reached skill level 1 in Throwing
   615 | D:2      | Reached skill level 1 in Armour
   615 | D:2      | Reached skill level 1 in Shields
   615 | D:2      | Reached skill level 1 in Unarmed Combat
   615 | D:2      | Reached skill level 1 in Spellcasting
   615 | D:2      | Reached skill level 1 in Invocations
   615 | D:2      | Reached skill level 1 in Evocations
   615 | D:2      | Reached XP level 3. HP: 27/31 MP: 2/4
  1154 | D:2      | Reached XP level 4. HP: 38/38 MP: 5/5
  1306 | D:2      | Noticed Natasha
  1310 | D:2      | Killed Natasha
  1311 | D:2      | Reached skill level 1 in Conjurations
  1311 | D:2      | Reached skill level 1 in Hexes
  1311 | D:2      | Reached skill level 1 in Summonings
  1311 | D:2      | Reached skill level 1 in Necromancy
  1311 | D:2      | Reached skill level 1 in Translocations
  1311 | D:2      | Reached skill level 1 in Transmutations
  1311 | D:2      | Reached skill level 1 in Fire Magic
  1311 | D:2      | Reached skill level 1 in Ice Magic
  1311 | D:2      | Reached skill level 1 in Air Magic
  1311 | D:2      | Reached skill level 1 in Earth Magic
  1311 | D:2      | Reached skill level 1 in Poison Magic
  1328 | D:2      | Noticed Jessica
  1330 | D:2      | Killed Jessica
  1331 | D:2      | Reached XP level 5. HP: 43/43 MP: 5/7
  1484 | D:2      | Noticed Natasha
  1490 | D:2      | Killed Natasha
  1776 | D:3      | Found a glowing drain.
  1820 | Sewer    | Entered a sewer
  1992 | Sewer    | Reached XP level 6. HP: 50/50 MP: 8/8
  2229 | Sewer    | Reached skill level 5 in Fighting
  2229 | Sewer    | Reached skill level 5 in Dodging
  2362 | Sewer    | Killed by an exploding bullfrog... ignited by their inner
                  | flame

Illustrated notes

Levels and vault maps discovered:
D:1:      dpeg_arrival_court, layout_basic
D:2:      layout_loops_ring, kennysheep_cluttered_room, uniq_jessica,
          uniq_natasha
D:3:      minmay_roachtagon, layout_basic, portal_sewer_entry_a,
          hangedman_decor_clover_reticule, amcnicky_mini_corridor_feature
Sewer:    sewer_minmay_w

Skill      XL: |  1  2  3  4  5  6 |
---------------+-------------------+-----
Short Blades   | 1 2 |  2.1
Long Blades    | 1 2 |  2.1
Axes           | 1 2 |  2.1
Maces & Flails | 1 2 |  2.1
Polearms       | 1 2 |  2.1
Staves         | 1 2 |  2.1
Throwing       | 1 2 |  2.1
Armour         | 1 2 |  2.1
Shields        | 1 2 |  2.1
Unarmed Combat | 1 2 |  2.1
Spellcasting   | 1 2 |  2.1
Invocations    | 1 2 |  2.3
Evocations     | 1 2 |  2.1
Conjurations   | 1 |  1.7
Hexes          | 1 |  1.7
Summonings     | 1 |  1.7
Necromancy     | 1 |  1.7
Translocations | 1 |  1.7
Transmutations | 1 |  1.7
Fire Magic     | 1 |  1.7
Ice Magic      | 1 |  1.7
Air Magic      | 1 |  1.7
Earth Magic    | 1 |  1.7
Poison Magic   | 1 |  1.7
Stealth        | 3 |  3.2
Fighting       | 5 |  5.0
Dodging        | 5 |  5.0
Ranged Weapons | |  8.8

Action                   |  1- 3 |  4- 6 || total
-------------------------+-------+-------++-------
 Fire: Shortbow          |    70 |   195 ||   265
  Use: Scroll            |     5 |     4 ||     9
       Potion            |       |     7 ||     7
Armor: Leather armour    |     3 |    33 ||    36
       Skin              |       |    44 ||    44
Dodge: Dodged            |     9 |   163 ||   172
